 Dungeon Crawl Stone Soup version 0.28.0 (webtiles) character file.

Game seed: 9009107547010346434

1045 browni3141 the Chopper (level 8, -3/71 HPs)
             Began as a Minotaur Berserker on Feb 10, 2022.
             Was a Follower of Trog.
             Slain by a fire elemental (8 damage)
             ... summoned by a deep elf pyromancer
             ... on level 8 of the Dungeon.
             The game lasted 00:02:29 (2609 turns).

browni3141 the Chopper (Minotaur Berserker)         Turns: 2609, Time: 00:02:30

Health: -3/71      AC:  2    Str: 24    XL:     8   Next: 4%
Magic:  7/7        EV: 13    Int:  4    God:    Trog [*.....]
Gold:   300        SH:  0    Dex: 10    Spells: 7/7 levels left

rFire   . . .      SeeInvis .   a - +0 hand axe
rCold   . . .      Faith    .   (no shield)
rNeg    . . .      Spirit   .   b - +0 animal skin
rPois   .          Reflect  .   (helmet restricted)
rElec   .          Harm     .   (no cloak)
rCorr   +          Rampage  .   (no gloves)
Will    +....                   (no boots)
Stlth   +.........              (no amulet)
HPRegen 0.21/turn               h - ring of willpower
MPRegen 0.10/turn               k - ring of resist corrosion

@: on berserk cooldown, slowed, very slow
A: horns 2, retaliatory headbutt
a: Renounce Religion, Berserk


You were on level 8 of the Dungeon.
You worshipped Trog.
Trog was aware of your devotion.
You visited 1 branch of the dungeon, and saw 8 of its levels.
You also visited: Sewer.

You collected 300 gold pieces.

Inventory:

Hand Weapons
 a - a +0 hand axe (weapon)
Armour
 b - a +0 animal skin (worn)
Jewellery
 h - a ring of willpower (left hand)
 k - a ring of resist corrosion (right hand)
Wands
 f - a wand of polymorph (8)
 j - a wand of iceblast (8)
 l - a wand of charming (4)
Scrolls
 d - 2 scrolls of identify {unknown}
 i - 2 scrolls of enchant weapon {unknown}
 m - a scroll of teleportation {unknown}
 n - a scroll of fear {unknown}
Potions
 c - 2 potions of heal wounds {unknown}
 e - a potion of magic {unknown}
 g - 2 potions of haste


   Skills:
 + Level 6.6 Fighting
 + Level 6.7 Axes
 + Level 6.1 Armour
 + Level 5.5 Dodging


You had 7 spell levels left.
You didn't know any spells.
Your spell library was empty.

Dungeon Overview and Level Annotations

Branches:
Dungeon (8/15)              Sewer (visited)
 Temple: D:4-7         Lair: D:8-11

Altars:
Kikubaaqudgha

Shops:
D:6 (!?


Innate Abilities, Weirdness & Mutations

You have a pair of horns on your head.
You reflexively headbutt those who attack you in melee.


Message History

Aiming: Iceblast
Press: ? - help, Shift-Dir - straight line The mass of ice explodes!
The iceblast engulfs the deep elf pyromancer!
The deep elf pyromancer is lightly wounded.
The iceblast engulfs the fire elemental!
The fire elemental is frozen!
The fire elemental is moderately damaged.
You hear a bellow! x2
The deep elf pyromancer casts a spell.
The deep elf pyromancer blinks!
The deep elf pyromancer casts a spell.
The deep elf pyromancer blinks!
The fire elemental closely misses you.
Unknown command.
Unknown command.
Aiming: Polymorph
Press: ? - help, Shift-Dir - straight line, f - deep elf pyromancer
Aim: a deep elf pyromancer, wielding a +0 rapier and wearing a +0 leather armour (lightly wounded, will become a mana viper, an acid dragon, or a manticore, chance to affect: 31%)
Okay, then.
Aiming: Iceblast
Press: ? - help, Shift-Dir - straight line, f - deep elf pyromancer
Aim: a deep elf pyromancer, wielding a +0 rapier and wearing a +0 leather armour (lightly wounded)
The mass of ice explodes!
The iceblast engulfs the deep elf pyromancer.
The deep elf pyromancer is moderately wounded.
The fire elemental closely misses you.
The deep elf pyromancer gestures at you while chanting.
The bolt of fire hits you!
* * * LOW HITPOINT WARNING * * *
Unknown command.
Unknown command.
Unknown command.
Okay, then.
Aiming: Polymorph
Press: ? - help, Shift-Dir - straight line, f/p - deep elf pyromancer
Aim: a deep elf pyromancer, wielding a +0 rapier and wearing a +0 leather armour (moderately wounded, will become a mana viper, an acid dragon, or a manticore, chance to affect: 31%)
The deep elf pyromancer evaporates and reforms as an acid dragon!
The fire elemental barely misses you. The fire elemental hits you.
The fire elemental burns you!
You die...

#<#(#.##.# #
#.#.#.##.######.#
#.#.#...........#.
#.#.####.#.○○.....
###.####+#.#######
#.......°#
#......○.#
#.....E☼.#
#....@E))#
#...)....#
#..#....)..D#
#...........#
#.#................
# #.........######.
##>.......#
##.........
#######.#..


You could see 2 fire elementals and an acid dragon.

Vanquished Creatures
  Eustachio (D:6)
  Menkaure (D:6)
  A water moccasin (Sewer)
  2 orc warriors (D:8)
  A centaur (D:8)
  A phantom (D:6)
  A bullfrog zombie (D:6)
  A jelly (D:6)
  Natasha (D:4)
  3 iguanas
  3 orc wizards (D:8)
  7 adders
  A river rat (D:6)
  A white imp (D:6)
  An ufetubus (D:6)
  7 orcs (D:8)
  A goblin (D:1)
  A hobgoblin (D:1)
  2 quokkas
  4 bats (Sewer)
  A rat (D:6)
42 creatures vanquished.

Vanquished Creatures (others)
  7 plants (D:7)
7 creatures vanquished.

Grand Total: 49 creatures vanquished

Notes
Turn   | Place    | Note
-------+----------+-------------------------------------------
     0 | D:1      | browni3141 the Minotaur Berserker began the quest for the
                  | Orb.
     0 | D:1      | Reached XP level 1. HP: 19/19 MP: 0/0
   195 | D:2      | Reached XP level 2. HP: 21/27 MP: 1/1
   208 | D:3      | You fall into a shaft and drop 1 floor!
   291 | D:4      | Noticed Natasha
   297 | D:4      | Killed Natasha
   298 | D:4      | Reached XP level 3. HP: 33/33 MP: 2/2
   343 | D:5      | Entered Level 5 of the Dungeon
   407 | D:6      | Found Uvahoz's Magic Scroll Emporium.
   457 | D:6      | Found Refuilow's Distillery.
   460 | D:6      | Noticed Eustachio
   467 | D:6      | Reached XP level 4. HP: 41/41 MP: 3/3
   475 | D:6      | Killed Eustachio
   476 | D:6      | Reached XP level 5. HP: 47/47 MP: 4/4
   547 | D:7      | Noticed a centaur
   767 | D:6      | Reached skill level 5 in Fighting
   767 | D:6      | Reached skill level 5 in Axes
   775 | D:6      | Reached XP level 6. HP: 56/56 MP: 5/5
   830 | D:6      | Noticed Menkaure
   839 | D:6      | Killed Menkaure
   976 | D:6      | Reached skill level 5 in Armour
   976 | D:6      | Reached XP level 7. HP: 52/62 MP: 6/6
   994 | D:6      | Found a glowing drain.
  1001 | Sewer    | Entered a sewer
  1703 | D:6      | Found Ijonoges's Antique Weapon Shop.
  2167 | D:7      | Found an ancient bone altar of Kikubaaqudgha.
  2313 | D:8      | Reached skill level 5 in Dodging
  2602 | D:8      | Reached XP level 8. HP: 71/71 MP: 7/7
  2604 | D:8      | Noticed a deep elf pyromancer
  2609 | D:8      | a deep elf pyromancer changed into an acid dragon
  2609 | D:8      | Slain by a fire elemental

Illustrated notes

Levels and vault maps discovered:
D:1:      tarquinn_simple_flora_water_c, layout_basic,
          shapermc_ecumenical_altar_gd, minmay_fountain_box
D:2:      layout_basic, minmay_joined_circles
D:3:      layout_basic, gammafunk_ghost_split
D:4:      layout_loops_ring, mainiacjoe_overflow_alcove_4, chequers_arboretum,
          minmay_pentomino_pile, uniq_natasha
D:5:      layout_basic, serial_shops, nicolae_shop_crystal
D:6:      layout_loops_ring, serial_shops, shop, nicolae_stop_n_shop_1,
          nicolae_diamond_shop, lightli_sewer_entry_pipes, uniq_menkaure,
          uniq_eustachio
D:7:      layout_loops_ring, mainiacjoe_overflow_concentric_impassable,
          minmay_temple_entry_drinking_statues, chequers_big_river,
          nicolae_shop_dragon_depot
D:8:      layout_basic, lair_entry_dummy, guppyfry_early_elven_hall

Skill      XL: |  1  2  3  4  5  6  7 |
---------------+----------------------+-----
Fighting       | 4 5 6 |  6.6
Axes           | 4 5 6 |  6.7
Armour         | 3 4 5 6 |  6.1
Dodging        | 3 4 5 |  5.5

Action                   |  1- 3 |  4- 6 |  7- 9 || total
-------------------------+-------+-------+-------++-------
Melee: Hand axe          |    20 |    32 |    66 ||   118
       Headbutt          |       |     2 |    10 ||    12
       Punch             |       |       |     1 ||     1
Invok: Berserk           |     2 |     3 |     3 ||     8
Evoke: Wand              |       |       |     3 ||     3
Armor: Animal skin       |     5 |     2 |     9 ||    16
Dodge: Dodged            |    17 |    23 |    56 ||    96
